 Dungeon Crawl Stone Soup version 0.27-a0-1136-g0b992a5a9d (webtiles) character file.

Game seed: 5491418753117889503

569 sanka the Magician (level 7, 0/53 HPs)
             Began as a Djinni Wanderer on May 5, 2021.
             Was a Priest of Jiyva.
             Slain by a phantom (7 damage)
             ... on level 5 of the Dungeon.
             The game lasted 00:06:31 (4947 turns).

sanka the Magician (Djinni Wanderer)                Turns: 4947, Time: 00:06:31

Health: 0/53       AC:  2    Str:  7    XL:     7   Next: 33%
Gold:   24         EV: 14    Int: 16    God:    Jiyva [***...] SH:  0 Dex: 16

rFire    + + +     SeeInvis .   a - +0 club
rCold    x x .     Faith    .   (no shield)
rNeg     . . .     Spirit   .   d - +0 robe
rPois    ∞         Reflect  .   (no helmet)
rElec    .         Harm     .   (no cloak)
rCorr    +         Rampage  .   (no gloves)
Will     .....                  (boots unavailable)
Stlth    ++........             (no amulet)
HPRegen  0.17/turn              (no ring)
MPRegen  0.00/turn              e - ring of fire

@: flying
A: sickness immunity, fire resistance 3, cold vulnerability 1, float, innate
caster, hp casting, extra vitality 1
a: Renounce Religion, Request Jelly


You were on level 5 of the Dungeon.
You worshipped Jiyva.
Jiyva was most pleased with you.
You visited 1 branch of the dungeon, and saw 5 of its levels.

You collected 48 gold pieces.
You spent 24 gold pieces at shops.


Innate Abilities, Weirdness & Mutations

You are immune to sickness and miasma.
You are immune to poison.
Your flesh is almost immune to the effects of heat. (rF+++)
You are vulnerable to cold. (rC-)
You float through the air rather than walking.
You learn spells naturally, not from books.
Your magical power is your life essence.
You have superior vitality. (+4 HP)


   Skills:
 + Level 4.7 Fighting
 - Level 1.0 Long Blades
 + Level 4.5 Dodging
 - Level 1.0 Stealth
 - Level 1.0 Shields
 + Level 5.8 Spellcasting


You couldn't memorise any spells.
You knew the following spells:

 Your Spells              Type           Power      Damage    Failure   Level
b - Blink                 Tloc           N/A        N/A       1%          2
c - Slow                  Hex            23%        N/A       1%          2
i - Ensorcelled Hibernat  Hex/Ice        46%        N/A       1%          2
u - Poisonous Vapours     Pois/Air       46%        N/A       1%          2
x - Call Imp              Summ           23%        N/A       1%          2
y - Pain                  Necr           92%        1d8       1%          1
z - Magic Dart            Conj           92%        1d7       1%          1
C - Mephitic Cloud        Conj/Pois/Air  23%        N/A       3%          3
Z - Conjure Flame         Conj/Fire      35%        6-21      3%          3
Your spell library was empty.

Inventory:

Hand Weapons
 a - a +0 club (weapon)
Armour
 d - a +0 robe (worn)
Jewellery
 e - a ring of fire (right hand)
Scrolls
 g - a scroll of teleportation {@r4}
 h - a scroll of enchant armour {unknown}
Potions
 b - 2 potions of curing {@q1}
 c - a potion of lignification {!q}
 f - a potion of attraction {unknown}
 i - a potion of mutation {unknown}

Dungeon Overview and Level Annotations

Branches:
Dungeon (5/15)             Temple (0/1) D:5

Altars:
Jiyva

Shops:
D:3 ? D:4

[ ▒.▒ ▒............▒ ▒..
▒.▒ ▒▒▒...▒▒...▒.▒ ▒▒▒ ▒.▒
▒▒.▒▒▒▒.▒▒.▒ ▒.▒ ▒.▒ ▒.▒▒.▒
▒.▒ ▒.▒ ▒.▒▒J▒▒▒ ▒.▒
▒▒▒.▒▒▒▒......▒▒▒▒ ▒.▒
▒.....J........... ▒.▒
▒.▒.▒▒▒▒▒▒▒▒...... ▒.▒
▒R▒.▒ ▒.....≈
▒▒▒▒▒.▒▒▒▒W▒>▒▒▒▒▒▒▒▒...≈≈≈
▒..........▒.......▒▒..≈≈≈≈
▒.▒▒▒.▒▒▒.J▒▒▒▒▒▒▒.▒▒J.≈≈≈≈
▒.▒ ▒.▒ ▒..▒ ▒.▒▒..≈J≈≈ ▒.▒
▒.▒▒▒..▒ ▒.▒▒▒.≈≈≈≈ ▒.▒
▒....J.▒ ▒.▒ ▒..≈≈≈ ▒.▒
▒▒▒▒...▒▒▒▒▒▒▒.▒ ▒....≈ ▒.▒
▒...▒.......▒ ▒.....


You could see a phantom and 2 neutral jellies (fellow slime).


Message History

The magic dart hits the phantom.
The phantom is severely damaged.
* * * LOW HITPOINT WARNING * * *
The phantom barely misses you.
Aiming: Magic Dart (safe; 1% risk of failure)
Aim: a phantom (severely damaged, 100% to hit)
The magic dart hits the phantom.
The phantom is severely damaged.
* * * LOW HITPOINT WARNING * * *
The phantom barely misses you.
Aiming: Magic Dart (safe; 1% risk of failure)
Aim: a phantom (severely damaged, 100% to hit)
The magic dart hits the phantom.
The phantom is almost destroyed.
* * * LOW HITPOINT WARNING * * *
The phantom hits you.
* * * LOW HITPOINT WARNING * * *
Aiming: Magic Dart (safe; 1% risk of failure)
Aim: a phantom (severely damaged, 100% to hit)
The magic dart hits the phantom.
The phantom is almost destroyed.
* * * LOW HITPOINT WARNING * * *
The phantom closely misses you.
Aiming: Magic Dart (safe; 1% risk of failure)
Aim: a phantom (almost destroyed, 100% to hit)
The magic dart hits the phantom.
The phantom is almost destroyed.
* * * LOW HITPOINT WARNING * * *
The phantom hits you!
You die...

Action                   |  1- 3 |  4- 6 |  7- 9 || total
-------------------------+-------+-------+-------++-------
 Cast: Magic Dart        |    68 |    69 |    25 ||   162
       Call Imp          |     1 |     2 |       ||     3
       Pain              |     1 |     1 |       ||     2
       Mephitic Cloud    |     1 |       |       ||     1
       Poisonous Vapours |       |     5 |     2 ||     7
       Conjure Flame     |       |       |     3 ||     3
  Use: Scroll            |       |     1 |       ||     1
Armor: Robe              |     2 |     1 |     1 ||     4
Dodge: Dodged            |     6 |    13 |     4 ||    23

Levels and vault maps discovered:
D:1:      noname_arrival_rooms_in_the_neighbourhood, layout_basic,
          basic_ecumenical_altar
D:2:      minmay_razor_zed, layout_basic, uniq_robin, uniq_jessica, uniq_sigmund
D:3:      layout_loops_ring, serial_shops, nicolae_shop_waterfront,
          minmay_misc_feat_cross, kennysheep_small_spiral
D:4:      layout_basic, serial_shops, nicolae_shop_stone, chequers_garden
D:5:      layout_loops_ring, temple_pool_b

Notes
Turn   | Place    | Note
-------+----------+-------------------------------------------
     0 | D:1      | sanka the Djinni Wanderer began the quest for the Orb.
     0 | D:1      | Reached XP level 1. HP: 18/18 MP: 0/0
   131 | D:1      | Reached XP level 2. HP: 12/23 MP: 0/0
   326 | D:1      | Reached skill level 1 in Dodging
   355 | D:1      | Found a faded altar of an unknown god.
   370 | D:1      | Became a worshipper of Jiyva Jusamp the Shapeless
   370 | D:1      | Reached * piety under Jiyva
  1147 | D:2      | Reached XP level 3. HP: 14/29 MP: 0/0
  1147 | D:2      | Learned a level 1 spell: Pain
  1348 | D:2      | Reached ** piety under Jiyva
  1349 | D:2      | Killed Robin
  1683 | D:2      | Killed Jessica
  2035 | D:2      | Noticed Sigmund
  2060 | D:2      | Killed Sigmund
  2061 | D:2      | Reached skill level 3 in Fighting
  2061 | D:2      | Reached skill level 3 in Dodging
  2061 | D:2      | Reached skill level 5 in Spellcasting
  2061 | D:2      | Reached XP level 4. HP: 20/36 MP: 0/0
  2061 | D:2      | Reached XP level 5. HP: 22/40 MP: 0/0
  2061 | D:2      | Learned a level 2 spell: Poisonous Vapours
  3041 | D:3      | Found Fafajidgh's Magic Scroll Shoppe.
  3066 | D:3      | Bought a scroll of identify for 24 gold pieces
  3142 | D:3      | Reached XP level 6. HP: 9/47 MP: 0/0
  3902 | D:4      | Found Ucviog's Armour Shop.
  3952 | D:4      | Reached *** piety under Jiyva
  4105 | D:5      | Entered Level 5 of the Dungeon
  4122 | D:5      | Reached skill level 4 in Fighting
  4235 | D:5      | Gained mutation: Your flesh is almost immune to the effects
                  | of heat. (rF+++) [Jiyva's grace]
  4246 | D:5      | Reached skill level 4 in Dodging
  4419 | D:5      | Reached XP level 7. HP: 47/53 MP: 0/0
  4419 | D:5      | Learned a level 2 spell: Ensorcelled Hibernation
  4469 | D:5      | Found a staircase to the Ecumenical Temple.
  4947 | D:5      | Slain by a phantom

Vanquished Creatures
  An ogre (D:5)
  5 scorpions
  A hound (D:5)
  An adder (D:3)
  2 ufetubi
  An adder skeleton (D:4)
  A dart slug (D:2)
  An orc (D:3)
  3 ball pythons
  4 bats
  2 endoplasms (D:1)
  3 giant cockroaches
  4 goblins
  5 hobgoblins
  7 jackals
  8 kobolds
  3 quokkas
  2 frilled lizards
  A rat (D:1)
55 creatures vanquished.

Vanquished Creatures (collateral kills)
  Sigmund (D:2)
1 creature vanquished.

Vanquished Creatures (others)
  2 scorpions (D:5)
  A howler monkey (D:5)
  12 jellies
  Jessica (D:2)
  An iguana (D:2)
  An orc wizard (D:5)
  Robin (D:2)
  5 adders (D:2)
  A dart slug (D:2)
  3 orcs (D:5)
  3 ball pythons
  5 endoplasms
  14 goblins
  6 hobgoblins (D:2)
  2 jackals (D:2)
  A quokka (D:2)
  2 bats (D:2)
  2 frilled lizards
  2 kobolds (D:2)
  4 rats
69 creatures vanquished.

Grand Total: 125 creatures vanquished
